 Dungeon Crawl Stone Soup version 0.31.0-11-ge490571c62 (webtiles) character file.

Game seed: 14481463294401822209

2642144 DaftaChap the Rhythm of Life and Death (level 27, 159/159 HPs)
             Began as a Vine Stalker Delver on Jan 31, 2024.
             Was a Follower of Uskayaw.
             Escaped with the Orb
             ... and 4 runes on Feb 1, 2024!
             The game lasted 03:42:01 (59556 turns).

DaftaChap the Rhythm of Life and Death (VSDe)      Turns: 59556, Time: 03:42:01

Health: 159/159    AC: 32    Str: 27    XL:     27
Magic:  50/50      EV: 19    Int: 12    God:    Uskayaw [*.....]
Gold:   7419       SH: 32    Dex: 18    Spells: 26/26 levels left

rFire   + + +        z - +9 quick blade (venom)
rCold   + + .        m - +8 tower shield {reflect}
rNeg    + . .        v - +1 gold dragon scales
rPois   +            y - -2 hat of the Alchemist {rElec rPois rF+ rC+ rN+ Will+ rMut rCorr}
rElec   +            J - +2 cloak {rC+}
rCorr   +            o - +2 pair of gloves "Pirghih" {Will+ Str+4}
SInv    +            k - +2 pair of boots
Will    +++++        e - amulet of Conformity {Faith rF+ Will+ rCorr} Stlth
                     r - ring "Raom" {EV+5 SInv}
HPRegen 1.26/turn    W - ring of magical power
MPRegen 0.32/turn

%: reflection, resist mutation, guardian spirit, faith
@: studying 3 skills
A: fangs 3, regeneration 1, magic shield, antimagic bite, no potion heal 2,
shaggy fur 1, weak 1, cold vulnerability 1, inability to drink after injury 1
0: Orb of Zot
}: 4/15 runes: serpentine, barnacled, slimy, silver
a: Renounce Religion, Stomp


You escaped.
You worshipped Uskayaw.
Uskayaw was exalted by your worship.
You visited 12 branches of the dungeon, and saw 56 of its levels.
You also visited: Sewer, Bailey and Ice Cave.

You collected 10512 gold pieces.
You spent 3093 gold pieces at shops.

Inventory:

Hand Weapons
 z - a +9 quick blade of venom (weapon)
Missiles
 N - 8 throwing nets (quivered)
Armour
 k - a +2 pair of boots (worn)
 m - a +8 tower shield of reflection (worn)
 o - the +2 pair of gloves "Pirghih" (worn) {Will+ Str+4}
   (You acquired it on level 2 of the Depths)

   Str+4:     It affects your strength (+4).
   Will+:     It increases your willpower.
 v - +1 gold dragon scales (worn)
 y - the -2 hat of the Alchemist (worn) {rElec rPois rF+ rC+ rN+ Will+ rMut rCorr}
   (You bought it in a shop on level 2 of the Orcish Mines)

   rF+:       It protects you from fire.
   rC+:       It protects you from cold.
   rElec:     It insulates you from electricity.
   rPois:     It protects you from poison rN+: It protects you from negative
   energy.
   Will+:     It increases your willpower.
   rCorr:     It protects you from acid and corrosion.
   rMut:      It protects you from mutation.
 J - a +2 cloak of cold resistance (worn)
Jewellery
 a - the ring "Udus" {rC- Will+ Dex+6 Slay+3}
   (You acquired it on level 6 of the Dungeon)

   [ring of dexterity]

   Dex+6:     It affects your dexterity (+6).
   Slay+3:    It affects your accuracy & damage with ranged weapons and melee
   (+3).
   rC-:       It makes you vulnerable to cold.
   Will+:     It increases your willpower.
 e - the amulet of Conformity (around neck) {Faith rF+ Will+ rCorr}
   (You found it on level 4 of the Lair of Beasts)

   [amulet of faith]

   Faith:     It allows you to gain divine favour quickly.
   rF+:       It protects you from fire.
   Will+:     It increases your willpower.
   rCorr:     It protects you from acid and corrosion.
 r - the ring "Raom" (left hand) {EV+5 SInv}
   (You acquired it on level 5 of the Realm of Zot)

   [ring of evasion]

   EV+5:      It affects your evasion (+5).
   SInv:      It lets you see invisible.
 t - a +4 ring of protection
 M - a ring of willpower
 P - the ring "Guareseh" {rCorr SInv}
   (You found it on level 13 of the Dungeon)

   [ring of resist corrosion]

   SInv:      It lets you see invisible.
   rCorr:     It protects you from acid and corrosion.
 T - a ring of magical power
 W - a ring of magical power (right hand)
 X - the amulet "Ibumehah" {Reflect rC+ Int+4 SH+5}
   (You found it on level 3 of the Crypt)

   [amulet of reflection]

   Reflect:   It reflects blocked missile attacks.
   Int+4:     It affects your intelligence (+4).
   rC+:       It protects you from cold.
   SH+5:      It affects your SH (+5).
Wands
 g - a wand of digging (42)
 F - a wand of mindburst (57)
 G - a wand of flame (149)
 I - a wand of roots (62)
 S - a wand of charming (63)
 U - a wand of quicksilver (56)
Scrolls
 c - 11 scrolls of fog
 d - 4 scrolls of revelation
 j - 9 scrolls of enchant weapon
 p - 13 scrolls of immolation
 q - 24 scrolls of teleportation
 A - 4 scrolls of torment
 B - 11 scrolls of poison
 C - 2 scrolls of blinking
 E - a scroll of summoning
 L - 7 scrolls of silence
 O - a scroll of brand weapon
 Y - 13 scrolls of fear
Potions
 b - 9 potions of resistance
 f - 10 potions of haste
 h - 5 potions of attraction
 i - 29 potions of curing
 l - 4 potions of cancellation
 n - 2 potions of invisibility
 s - 5 potions of enlightenment
 u - 6 potions of lignification
 w - 7 potions of brilliance
 D - 13 potions of mutation
 H - 11 potions of might
 Q - a potion of berserk rage
 R - 6 potions of ambrosia
 Z - 3 potions of magic
Miscellaneous
 x - a lightning rod (4/4)
 K - a phial of floods
 V - a phantom mirror


   Skills:
 + Level 21.0 Fighting
 - Level 14.0 Short Blades
 + Level 16.8 Armour
 + Level 16.8 Dodging
 - Level 6.0 Stealth
 + Level 22.9 Shields
 O Level 27 Invocations


You had 26 spell levels left.
You didn't know any spells.
Your spell library contained the following spells:

 Spells                   Type           Power      Damage    Failure   Level
 Apportation              Tloc           0%         N/A       100%        1
 Freeze                   Ice            0%         1d3       100%        1
 Kiss of Death            Conj/Necr      0%         2d5       100%        1
 Magic Dart               Conj           0%         1d3       100%        1
 Necrotise                Necr           0%         1d4       100%        1
 Sandblast                Erth           0%         2d4       100%        1
 Slow                     Hex            0%         N/A       100%        1
 Blink                    Tloc           0%         N/A       100%        2
 Call Imp                 Summ           0%         N/A       100%        2
 Cigotuvi's Dreadful Rot  Necr/Alch/Air  0%         N/A       100%        2
 Lesser Beckoning         Tloc           0%         N/A       100%        2
 Static Discharge         Conj/Air       0%         3-3/arc   100%        2
 Sublimation of Blood     Necr           0%         N/A       100%        2
 Confusing Touch          Hex            0%         N/A       100%        3
 Dazzling Flash           Conj/Hex       0%         N/A       100%        3
 Frozen Ramparts          Ice            0%         1d1       100%        3
 Fugue of the Fallen      Necr           0%         N/A       100%        3
 Gell's Gravitas          Tloc           0%         N/A       100%        3
 Hailstorm                Conj/Ice       0%         3d5       100%        3
 Mephitic Cloud           Conj/Alch/Air  0%         N/A       100%        3
 Ozocubu's Armour         Ice            0%         N/A       100%        3
 Passwall                 Erth           0%         N/A       100%        3
 Sigil of Binding         Hex            0%         N/A       100%        3
 Stone Arrow              Conj/Erth      0%         3d7       100%        3
 Summon Ice Beast         Ice/Summ       0%         N/A       100%        3
 Teleport Other           Tloc           0%         N/A       100%        3
 Tukima's Dance           Hex            0%         N/A       100%        3
 Vampiric Draining        Necr           0%         2d6       100%        3
 Volatile Blastmotes      Fire/Tloc      0%         2d10      100%        3
 Airstrike                Air            0%         2d(0-16)  100%        4
 Animate Dead             Necr           0%         N/A       100%        4
 Brom's Barrelling Bould  Conj/Erth      0%         2d3       100%        4
 Dimensional Bullseye     Hex/Tloc       0%         N/A       100%        4
 Dispel Undead            Necr           0%         3d6       100%        4
 Flame Wave               Conj/Fire      0%         2d4       100%        4
 Fulminant Prism          Conj/Alch      0%         3d5       100%        4
 Iskenderun's Mystic Bla  Conj/Tloc      0%         2d3       100%        4
 Manifold Assault         Tloc           0%         N/A       100%        4
 Martyr's Knell           Necr/Summ      0%         N/A       100%        4
 Olgreb's Toxic Radiance  Alch           0%         N/A       100%        4
 Passage of Golubria      Tloc           0%         N/A       100%        4
 Petrify                  Alch/Erth      0%         N/A       100%        4
 Summon Lightning Spire   Summ/Air       0%         N/A       100%        4
 Borgnjor's Vile Clutch   Necr/Erth      0%         N/A       100%        5
 Curse of Agony           Necr           0%         N/A       100%        5
 Fireball                 Conj/Fire      0%         3d3       100%        5
 Irradiate                Conj/Alch      0%         3d11      100%        5
 Iskenderun's Battlesphe  Conj           0%         2d6       100%        5
 Metabolic Englaciation   Hex/Ice        0%         N/A       100%        5
 Silence                  Hex/Air        0%         N/A       100%        5
 Summon Forest            Summ/Tloc      0%         N/A       100%        5
 Summon Mana Viper        Hex/Summ       0%         N/A       100%        5
 Yara's Violent Unravell  Hex/Alch       0%         3d3       100%        5
 Bombard                  Conj/Erth      0%         9d1       100%        6
 Death Channel            Necr           0%         N/A       100%        6
 Dispersal                Tloc           0%         N/A       100%        6
 Sculpt Simulacrum        Ice/Alch       0%         N/A       100%        6
 Summon Cactus Giant      Summ           0%         N/A       100%        6
 Malign Gateway           Summ/Tloc      0%         N/A       100%        7
 Monstrous Menagerie      Summ           0%         N/A       100%        7
 Ozocubu's Refrigeration  Ice            0%         4d7       100%        7
 Spellforged Servitor     Conj/Summ      0%         N/A       100%        7
 Borgnjor's Revivificati  Necr           0%         N/A       100%        8
 Discord                  Hex            0%         N/A       100%        8
 Disjunction              Tloc           0%         N/A       100%        8
 Infestation              Necr           0%         N/A       100%        8
 Summon Horrible Things   Summ           0%         N/A       100%        8
 Death's Door             Necr           0%         N/A       100%        9


Dungeon Overview and Level Annotations

Branches:
Dungeon (15/15)            Temple (1/1) D:7            Lair (5/5) D:8
 Shoals (4/4) Lair:3        Snake (4/4) Lair:2        Slime (5/5) Lair:4
    Orc (2/2) D:11            Elf (3/3) Orc:2        Vaults (5/5) D:14
  Crypt (3/3) Vaults:3       Tomb (0/3) Crypt:3      Depths (4/4) D:15
    Zot (5/5) Depths:4      Sewer (visited)          Bailey (visited)
  IceCv (visited)

Altars:
Ashenzari
Cheibriados
Dithmenos
Elyvilon
Fedhas
Gozag
Hepliaklqana
Kikubaaqudgha
Makhleb
Nemelex Xobeh
Okawaru
Qazlal
Ru
Sif Muna
Trog
Uskayaw
Vehumet
Wu Jian
Xom
Yredelemnul
Zin
The Shining One
Jiyva
Lugonu

Shops:
D:1 [   D:6 ?   D:8 =   D:10 ?   D:15 (*   Orc:2 =*![   Elf:3 *[   Shoals:1 !
Shoals:3 **:!*(   Vaults:2 *   Depths:3 *

Portals:
Hell: Depths:1 Depths:2 Depths:3 Depths:4
Abyss: Depths:3
Pandemonium: Depths:1 Depths:2 Depths:3 Depths:4
Ziggurat: Depths:3

Annotations:
D:14 Roxanne
Shoals:2 3 runed translucent doors
Elf:1 3 runed translucent doors, Hihia's ghost, adept TrFi
Vaults:4 3 runed translucent doors, MackTheFife's ghost, veteran HOGl; crisisinutopia's ghost, adept MiFi
Depths:1 4 transporters
Zot:1 3 runed translucent doors, 2 exclusions, Pongem's ghost, legendary MiAK
Zot:2 2 transporters, 2 exclusions
Zot:3 3 exclusions
Zot:4 3 exclusions
Zot:5 3 runed translucent doors, FoolsGold's ghost, veteran MiBe


Innate Abilities, Weirdness & Mutations

You have razor-sharp teeth.
Your natural rate of healing is unusually fast.
When hurt, damage is shared between your health and your magic reserves.
Your bite disrupts and absorbs the magic of your enemies.
Potions cannot restore your health.
You are covered in fur. (AC +1)
You are weak. (Str -2)
You are vulnerable to cold. (rC-)
You occasionally lose the ability to drink potions when taking damage.


Message History

You can now pass through a line of other dancers.
You hit the Orb Guardian.
The Orb Guardian looks as sick as possible!
Your bite misses the Orb Guardian.
You hit the Orb Guardian but do no damage.
The Orb Guardian looks as sick as possible!
You bite the Orb Guardian, but do no damage.
The Orb Guardian is heavily wounded.
You block the Orb Guardian's attack.
You hit the Orb Guardian.
The Orb Guardian looks as sick as possible!
You bite the Orb Guardian! You drain its power.
You hit the Orb Guardian but do no damage.
The Orb Guardian looks as sick as possible!
Your bite misses the Orb Guardian.
The Orb Guardian is severely wounded.
You hit the Orb Guardian.
The Orb Guardian looks as sick as possible!
You bite the Orb Guardian, but do no damage.
You hit the Orb Guardian but do no damage.
The Orb Guardian looks as sick as possible!
You bite the Orb Guardian. You drain its power.
The Orb Guardian is almost dead.
You block the Orb Guardian's attack.
You hit the Orb Guardian.
You kill the Orb Guardian!
Uskayaw will force your foes to helplessly watch your dance.
Your Fighting skill increases to level 21!
Unknown command.
An Orb Guardian comes into view.
There is a stone staircase leading up here.
You climb upwards.
There is a stone staircase leading down here.
There is a stone staircase leading up here.
You climb upwards.
There is a stone staircase leading down here.
There is an open door here.
There is a staircase leading out of the dungeon here.
Okay, then.
You have escaped!

# #.#.# #.....####.##.#.#### ##
#.#.# #.....#.......#.# .# #...#
#.....#.##.###### .#########
#.....#....##### ....#...#
#.....#........##### ....#...####
#######....###.#.... ........+..#
#[....#........#....
........##.###.....#......###..).
........##...'..@..'.............
.............#.....#......#####.#
....#......#.#.....#..#.....(...#
#####....#.#.#######....#........
###..........#......#.#######
##.#####.#.######.#.#
####...###...#...##.#.#
#.......###..#.#.##.#.# ####....#
#...........# ##


There were no monsters in sight!

Vanquished Creatures
  the Royal Jelly (Slime:5)
  6 orbs of fire
  6 ancient liches
  4 juggernauts
  2 shard shrikes (Zot:4)
  14 Killer Klowns
  Saint Roka (Orc:2)
  Vashnia (Snake:2)
  2 curse toes (Zot:4)
  12 golden dragons
  9 caustic shrikes
  Nikola (Shoals:2)
  A bone dragon (Crypt:3)
  3 electric golems (Zot:5)
  Zenata (Elf:1)
  2 doom hounds (Depths:2)
  27 tentacled monstrosities
  7 liches
  Jorgrun (Orc:2)
  Rupert (Lair:4)
  A walking earthen tome (Depths:3)
  Grunn (Depths:2)
  24 Orb Guardians
  2 walking crystal tomes
  A walking frostbound tome (Depths:2)
  5 titans
  3 quicksilver dragons
  18 acid blobs
  3 deep elf master archers (Elf:3)
  6 deep elf blademasters (Elf:3)
  16 sphinxes
  4 ancient champions
  2 Executioners
  A kraken (Shoals:2)
  Frances (D:14)
  16 shadow dragons
  Aizul (Snake:3)
  6 death cobs
  Kirke (Elf:1)
  7 tengu reavers
  10 storm dragons
  Donald (Snake:3)
  4 draconian monks
  A revenant (Vaults:3)
  8 nagarajas (Snake:4)
  12 rockslimes
  4 protean progenitors
  7 draconian knights
  14 fire giants
  7 azure jellies
  4 iron dragons
  5 draconian shifters
  A balrug (Zot:4)
  22 vault wardens
  8 frost giants
  12 deep elf sorcerers
  Louise (Shoals:4)
  A curse skull (Crypt:1)
  8 draconian scorchers
  3 deep elf elementalists (Elf:3)
  5 ghost moths
  2 orc warlords
  8 quicksilver oozes
  A reaper (IceCv)
  A ghoul (Crypt:1)
  5 draconian annihilators
  4 draconian stormcallers
  35 very ugly things
  6 formless jellyfish
  20 ironbound preservers
  7 stone giants
  A spriggan defender (Depths:3)
  9 vampire knights
  8 black draconians
  A rockslime zombie (Crypt:2)
  15 green draconians
  6 ironbound thunderhulks
  7 deep elf demonologists
  11 deep elf annihilators
  17 red draconians
  9 deep elf death magi
  16 purple draconians
  15 yellow draconians
  13 dire elephants
  A lorocyproca (Depths:3)
  10 white draconians
  4 war gargoyles (Crypt:3)
  8 spark wasps
  6 merfolk javelineers
  9 ettins
  4 eidola
  5 crystal guardians
  2 green deaths (Zot:4)
  3 merfolk impalers (Shoals:4)
  7 jiangshi
  4 entropy weavers
  Josephine (D:14)
  12 fire dragons
  10 deep elf high priests
  29 vault guards
  19 yaktaur captains
  Erolcha (Orc:2)
  9 ice dragons
  The ghost of Liimbo the Fighter, a journeyman FoWn of Cheibriados (D:13)
  5 salamander tyrants
  3 ghost crabs (Lair:4)
  2 spriggan zombies
  3 peacekeepers
  A sphinx zombie (Crypt:1)
  2 merfolk avatars
  2 rakshasas (Depths:2)
  A catoblepas (D:15)
  21 great orbs of eyes
  5 spriggan air magi
  An anaconda (shapeshifter) (Depths:3)
  4 hydras
  10 ironbound frosthearts
  8 anacondas
  5 boulder beetles
  Erica (D:8)
  8 ogre magi
  5 merfolk aquamancers (Shoals:4)
  37 dancing weapons
  3 alligator snapping turtles
  7 centaur warriors
  A two-headed ogre (shapeshifter) (Vaults:5)
  21 two-headed ogres
  5 tengu warriors
  5 death knights
  7 deep troll shamans
  13 deep troll earth magi
  A hell hog (Depths:1)
  3 vampire magi
  12 naga warriors
  4 spriggan berserkers
  A titan zombie (Crypt:3)
  An orc high priest (Orc:1)
  A storm dragon zombie (Crypt:3)
  14 deep elf knights
  19 naga sharpshooters
  6 shock serpents
  17 hell knights
  2 soul eaters
  4 sun demons
  6 fire crabs (Lair:4)
  5 salamander mystics
  A golden dragon zombie (Crypt:3)
  40 skeletal warriors
  8 iron trolls
  4 skysharks
  5 flayed ghosts
  2 goliath frogs (Zot:5)
  A shadow wraith (Crypt:2)
  15 sea snakes
  A shadow demon (D:10)
  65 deep trolls
  10 arcanists
  6 naga ritualists
  9 glowing orange brains
  A swamp dragon (Lair:5)
  6 mana vipers
  A sea snake (shapeshifter) (Vaults:5)
  9 deep elf archers
  15 ironbound convokers
  10 lindwurms
  2 bunyip skeletons (Crypt:3)
  A deep troll (shapeshifter) (Vaults:5)
  16 phantasmal warriors
  2 bog bodies (Crypt:1)
  A glowing orange brain (shapeshifter) (Elf:1)
  4 orange crystal statues (Orc:1)
  Pikel (D:8)
  An anaconda skeleton (Crypt:3)
  19 deep elf zephyrmancers
  10 necromancers
  14 deep elf pyromancers
  2 wolf spiders
  7 orc knights
  42 ugly things
  A sun moth (shapeshifter) (D:15)
  21 harpies
  A fire giant zombie (Crypt:2)
  6 cyclopes
  A faun (shapeshifter) (Vaults:5)
  3 orc sorcerers
  5 shining eyes
  17 salamanders
  11 fauns
  15 vault sentinels
  16 moths of wrath
  10 elephants
  19 manticores
  10 naga magi
  A kobold blastminer (Orc:1)
  10 guardian serpents
  4 meliai
  43 black mambas
  2 naga zombies (Crypt:3)
  2 water nymphs (shapeshifter)
  5 water nymphs
  2 centaur zombies
  A smoke demon (Depths:1)
  An apocalypse crab (Lair:4)
  An ice statue (IceCv)
  6 merfolk sirens
  2 gargoyles
  An unseen horror (D:10)
  A torpor snail (shapeshifter) (Elf:1)
  17 cane toads
  3 torpor snails
  A white draconian zombie (Crypt:1)
  A hellion (Depths:2)
  A naga skeleton (Crypt:3)
  A green draconian zombie (Crypt:2)
  Jeremiah (D:8)
  A centaur skeleton (Crypt:2)
  4 rime drakes
  8 komodo dragons
  Maggie (D:7)
  3 anaconda simulacra (IceCv)
  A tormentor (Depths:3)
  6 freezing wraiths
  39 yaktaurs
  A purple draconian skeleton (Crypt:2)
  2 ice devils (Orc:2)
  3 tengu conjurers
  An alligator snapping turtle skeleton (Crypt:2)
  6 trolls
  2 harpy zombies (Crypt:3)
  A sea snake skeleton (Crypt:1)
  A queen bee (D:13)
  A tengu simulacrum (Vaults:3)
  A tyrant leech (Lair:5)
  2 polar bears
  A tarantella (shapeshifter) (Elf:3)
  A fire dragon zombie (Crypt:2)
  24 merfolk
  7 wind drakes
  8 hornets
  A harpy skeleton (Crypt:3)
  11 dream sheep
  10 snapping turtles
  2 glass eyes
  8 blink frogs
  A culicivora (shapeshifter) (Elf:3)
  An ettin skeleton (Vaults:3)
  4 air elementals
  98 slime creatures
  3 fire elementals
  A black mamba zombie (Crypt:2)
  7 spriggans
  A dire elephant simulacrum (Crypt:2)
  81 yaks
  6 water elementals
  13 wraiths
  14 wyverns
  5 hogs (Elf:1)
  A shadow (D:12)
  7 basilisks
  3 wargs
  4 steam dragons
  A golden eye (Slime:5)
  A basilisk (shapeshifter) (Elf:2)
  3 vampire mosquitoes (D:12)
  2 death yak simulacra (IceCv)
  A harpy simulacrum (IceCv)
  2 redbacks (Lair:5)
  65 nagas
  3 swamp worms (Lair:5)
  A glowing shapeshifter zombie (Crypt:1)
  A hydra simulacrum (IceCv)
  23 water moccasins
  Duvessa (D:7)
  4 acid dragons
  A swamp drake (Lair:5)
  2 ice beasts
  A sky beast (D:7)
  A two-headed ogre skeleton (Crypt:2)
  29 orc warriors
  2 black bears
  A tengu (shapeshifter) (Vaults:5)
  9 boggarts
  A crocodile (Sewer)
  12 centaurs
  39 laughing skulls
  4 wolves (Lair:2)
  29 ogres
  A lemure (D:8)
  A phantom (D:6)
  3 kobold brigands
  12 bullfrogs
  A brain worm (Sewer)
  A gnoll sergeant (D:8)
  3 scorpions
  3 two-headed ogre simulacra (IceCv)
  2 earth elementals (Elf:2)
  A fire crab zombie (Crypt:2)
  2 necrophages
  A rime drake skeleton (Crypt:1)
  A human skeleton (Vaults:3)
  A scorpion (shapeshifter) (Elf:2)
  2 cane toad simulacra (IceCv)
  9 killer bees
  13 wights
  2 water moccasin skeletons (Crypt:1)
  2 elephant simulacra (IceCv)
  Dowan (D:7)
  2 howler monkeys (D:11)
  2 electric eels (D:5)
  2 hounds
  2 bombardier beetles
  A jelly (D:6)
  15 orc priests
  Crazy Yiuf (D:7)
  2 sleepcaps
  9 iguanas
  20 orc wizards
  9 spriggan simulacra (IceCv)
  6 troll simulacra (IceCv)
  3 polar bear simulacra (IceCv)
  3 wolf simulacra (IceCv)
  8 adders
  A gnoll (D:1)
  2 naga simulacra (IceCv)
  3 shadow imps
  7 white imps
  9 ufetubi
  6 dart slugs
  A ribbon worm (D:4)
  70 orcs
  13 bats
  8 endoplasms
  5 giant cockroaches
  5 goblins
  7 hobgoblins
  9 kobolds
  3 quokkas
  5 ball pythons
  5 frilled lizards
  A gnoll zombie (Crypt:1)
  A goblin zombie (Crypt:2)
  8 rats
  A rat zombie (Crypt:1)
  2 aspiring fleshes (Zot:2)
  A tentacle (Shoals:2)
2543 creatures vanquished.

Vanquished Creatures (others)
  A sphinx (Depths:3)
  A deep elf annihilator (Elf:3)
  A white draconian (Depths:4)
  An ogre mage (Vaults:5)
  2 deep elf knights
  A deep elf pyromancer (Elf:2)
  A naga ritualist (Snake:4)
  A snapping turtle (Shoals:4)
  3 tentacles (Shoals:2)
12 creatures vanquished.

Grand Total: 2555 creatures vanquished

Notes
Turn   | Place    | Note
-------+----------+-------------------------------------------
     0 | D:5      | DaftaChap the Vine Stalker Delver began the quest for the
                  | Orb.
     0 | D:5      | Reached XP level 1. HP: 11/11 MP: 2/2
     6 | D:5      | Found a transporter.
    10 | D:5      | Noticed an electric eel
    10 | D:5      | Noticed an electric eel
    16 | D:5      | Found a transporter.
    17 | D:5      | Noticed a scorpion
   123 | D:5      | Reached XP level 2. HP: 15/16 MP: 3/3
   284 | D:3      | Reached XP level 3. HP: 19/19 MP: 4/4
   388 | D:4      | Noticed an ogre
   446 | D:4      | Reached XP level 4. HP: 17/23 MP: 2/5
   582 | D:4      | Found a glowing drain.
   586 | Sewer    | Entered a sewer
   612 | Sewer    | Noticed a brain worm
   623 | Sewer    | Killed a brain worm
   624 | Sewer    | Reached XP level 5. HP: 27/27 MP: 6/6
   626 | Sewer    | Noticed a crocodile
   634 | Sewer    | Killed a crocodile
   635 | Sewer    | Reached skill level 5 in Short Blades
   635 | Sewer    | Reached XP level 6. HP: 32/32 MP: 7/7
   874 | D:2      | Found a faded altar of an unknown god.
   943 | D:2      | Got Udida's Directory of the Grave
  1165 | D:1      | Found Riseperr's Armour Emporium.
  1589 | D:1      | Identified the +0 robe of Liberty {Regen+ Str+2 Slay+3
                  | Stlth-}
  1987 | D:3      | Identified the +3 buckler of Feasting {^Drain Str+7 Int+2
                  | SInv}
  2239 | D:3      | Reached XP level 7. HP: 17/35 MP: 4/8
  3876 | D:5      | Identified the +7 sling of Xom's Scorn {heavy, rF++}
  4031 | D:5      | Gained mutation: You have razor-sharp teeth. [Vine Stalker
                  | growth]
  4031 | D:5      | Reached XP level 8. HP: 38/39 MP: 6/9
  4134 | D:6      | Identified the +5 dagger of Woxkuy {elec, Will+}
  4243 | D:6      | Noticed a hornet
  4311 | D:6      | Paralysed by a hornet for 1 turns
  4333 | D:6      | Killed a hornet
  4339 | D:6      | Reached skill level 10 in Short Blades
  4411 | D:6      | Reached skill level 1 in Armour
  4411 | D:6      | Reached skill level 1 in Shields
  4411 | D:6      | Reached skill level 1 in Invocations
  4411 | D:6      | Reached XP level 9. HP: 42/44 MP: 10/10
  4458 | D:6      | Found Uciag's Magic Scroll Emporium.
  4461 | D:6      | Bought a scroll of identify for 28 gold pieces
  4461 | D:6      | Bought a scroll of teleportation for 42 gold pieces
  4461 | D:6      | Bought a scroll of identify for 28 gold pieces
  4461 | D:6      | Bought a scroll of identify for 28 gold pieces
  4463 | D:6      | Identified a scroll of acquirement
  4587 | D:6      | Reached skill level 2 in Invocations
  4964 | D:6      | Acquired the ring "Udus" {rC- Will+ Dex+6 Slay+3}
  5149 | D:7      | Noticed Duvessa
  5150 | D:7      | Noticed Dowan
  5151 | D:7      | Noticed Maggie
  5185 | D:7      | Killed Duvessa
  5225 | D:7      | Killed Maggie
  5236 | D:7      | Reached skill level 3 in Invocations
  5247 | D:7      | Killed Dowan
  5326 | D:7      | Found a staircase to the Ecumenical Temple.
  5350 | Temple   | Entered the Ecumenical Temple
  5363 | Temple   | Became a worshipper of Uskayaw the Reveller
  5405 | D:7      | Found a runed translucent door.
  5406 | D:7      | Noticed Crazy Yiuf
  5426 | D:7      | Found a white marble altar of Elyvilon.
  5426 | D:7      | Found an opulent altar of Gozag.
  5459 | D:7      | Reached * piety under Uskayaw
  5495 | D:7      | Reached ** piety under Uskayaw
  5499 | D:7      | Reached *** piety under Uskayaw
  5501 | D:7      | Reached **** piety under Uskayaw
  5592 | D:7      | Reached XP level 10. HP: 50/51 MP: 13/13
  5771 | D:7      | Killed Crazy Yiuf
  5825 | D:8      | Reached skill level 4 in Invocations
  5901 | D:8      | Noticed Pikel
  5915 | D:8      | Killed Pikel
  5987 | D:8      | Reached skill level 5 in Invocations
  6107 | D:8      | Noticed Jeremiah
  6118 | D:8      | Killed Jeremiah
  6183 | D:8      | Reached skill level 5 in Fighting
  6232 | D:8      | Found a staircase to the Lair.
  6469 | D:8      | Reached ***** piety under Uskayaw
  6504 | D:8      | Reached skill level 6 in Invocations
  6512 | D:8      | Noticed Erica
  6521 | D:8      | Reached ****** piety under Uskayaw
  6533 | D:8      | Killed Erica
  6534 | D:8      | Reached XP level 11. HP: 52/56 MP: 16/16
  6698 | D:8      | Found Vaosu's Jewellery Boutique.
  7059 | D:9      | Found a flagged portal.
  7069 | Bailey   | Entered a bailey
  7109 | Bailey   | Reached skill level 7 in Invocations
  7117 | Bailey   | Noticed a two-headed ogre
  7137 | Bailey   | Killed a two-headed ogre
  7138 | Bailey   | Reached skill level 5 in Dodging
  7138 | Bailey   | Reached skill level 5 in Shields
  7177 | Bailey   | Identified the +5 fire dragon scales of Follow the Leader
                  | {+Blink rF++ rC- Str+2 Dex+2 Stlth-}
  7280 | D:9      | Reached skill level 5 in Armour
  7343 | D:9      | Reached skill level 8 in Invocations
  7715 | D:10     | Entered Level 10 of the Dungeon
  7737 | D:10     | Noticed a two-headed ogre
  7743 | D:10     | Killed a two-headed ogre
  7774 | D:10     | Noticed a two-headed ogre
  8141 | D:10     | Reached XP level 12. HP: 62/62 MP: 19/19
  8248 | D:10     | Found Belam's Magic Scroll Shoppe.
  8255 | D:10     | Bought a scroll of identify for 24 gold pieces
  8255 | D:10     | Bought a scroll of teleportation for 36 gold pieces
  8255 | D:10     | Bought a scroll of teleportation for 36 gold pieces
  8255 | D:10     | Bought a scroll of teleportation for 36 gold pieces
  8255 | D:10     | Bought a scroll of identify for 24 gold pieces
  8276 | D:10     | Noticed a two-headed ogre
  8285 | D:10     | Killed a two-headed ogre
  8339 | D:10     | Reached skill level 9 in Invocations
  8475 | D:10     | Found a shadowy altar of Dithmenos.
  8966 | Lair:1   | Entered Level 1 of the Lair of Beasts
  9716 | Lair:2   | Reached skill level 10 in Invocations
  9803 | Lair:2   | Found a staircase to the Snake Pit.
  9921 | Lair:2   | Noticed a skyshark
  9930 | Lair:2   | Killed a skyshark
 10085 | Lair:2   | Reached XP level 13. HP: 68/68 MP: 21/21
 10090 | Lair:2   | Found a stormy altar of Qazlal.
 10564 | Lair:3   | Found a staircase to the Shoals.
 10629 | Lair:3   | Reached skill level 11 in Invocations
 10742 | Lair:3   | You fall into a shaft and drop 1 floor!
 11629 | Lair:4   | Found a staircase to the Slime Pits.
 11629 | Lair:4   | Found a viscous altar of Jiyva.
 11910 | Lair:4   | Noticed Rupert
 11932 | Lair:4   | Killed Rupert
 11933 | Lair:4   | Reached skill level 12 in Invocations
 12120 | Lair:4   | Found a runed translucent door.
 12467 | Lair:4   | Reached XP level 14. HP: 74/74 MP: 21/24
 12658 | Lair:4   | Identified the amulet of Conformity {Faith rF+ Will+ rCorr}
 12751 | Lair:5   | Entered Level 5 of the Lair of Beasts
 13146 | Lair:5   | Reached skill level 13 in Invocations
 14358 | D:11     | Found a staircase to the Orcish Mines.
 14498 | D:11     | Reached XP level 15. HP: 80/80 MP: 26/26
 14870 | Orc:1    | Entered Level 1 of the Orcish Mines
 15127 | Orc:1    | Found a runed translucent door.
 15145 | Orc:1    | Found the +10 tower shield of Ignorance {rN+ Int-4}
 15152 | Orc:1    | Found a runed translucent door.
 15223 | Orc:1    | Reached skill level 14 in Invocations
 15455 | Orc:1    | Noticed an orc warlord
 15495 | Orc:1    | Killed an orc warlord
 15666 | Orc:1    | Reached skill level 10 in Fighting
 15974 | Orc:2    | Entered Level 2 of the Orcish Mines
 15974 | Orc:2    | Noticed Jorgrun
 15982 | Orc:2    | Noticed Saint Roka
 15989 | Orc:2    | Killed Jorgrun
 16073 | Orc:2    | Found a frozen archway.
 16080 | Orc:2    | Found a staircase to the Elven Halls.
 16213 | IceCv    | Entered an ice cave
 17369 | Orc:2    | Killed Saint Roka
 17708 | Orc:2    | Found Inusunue's Armour Shop.
 17708 | Orc:2    | Found Retyzuhywk's Assorted Antiques.
 17709 | Orc:2    | Found Mamyjaep's Distillery.
 17709 | Orc:2    | Found Jamiep's Jewellery Boutique.
 17775 | Orc:2    | Bought the -2 hat of the Alchemist {rElec rPois rF+ rC+ rN+
                  | Will+ rMut rCorr} for 660 gold pieces
 17775 | Orc:2    | Found the -2 hat of the Alchemist {rElec rPois rF+ rC+ rN+
                  | Will+ rMut rCorr}
 17855 | Orc:2    | Noticed Erolcha
 17877 | Orc:2    | Killed Erolcha
 17923 | Orc:2    | Reached skill level 15 in Invocations
 18519 | D:12     | Reached skill level 10 in Shields
 18717 | D:12     | Found a broken altar of Ashenzari.
 18816 | D:12     | Reached XP level 16. HP: 72/86 MP: 28/28
 19312 | D:13     | Found a transporter.
 19498 | D:13     | Found a blossoming altar of Fedhas.
 19534 | D:13     | Found a transporter.
 19541 | D:13     | Noticed Liimbo's ghost (journeyman FoWn)
 19644 | D:14     | Found an iron altar of Okawaru.
 19862 | D:14     | Noticed Josephine
 19882 | D:14     | Killed Josephine
 19918 | D:14     | Noticed Roxanne
 19967 | D:14     | Noticed Frances
 19993 | D:14     | Killed Frances
 20083 | D:14     | Found a gate to the Vaults.
 21301 | Snake:1  | Entered Level 1 of the Snake Pit
 21741 | Snake:1  | Reached skill level 16 in Invocations
 22429 | Snake:1  | Reached skill level 10 in Armour
 22476 | Snake:1  | Reached skill level 10 in Dodging
 22704 | Snake:2  | Noticed Vashnia
 22764 | Snake:2  | Killed Vashnia
 23040 | Snake:2  | Reached XP level 17. HP: 91/91 MP: 30/30
 23897 | Snake:3  | Identified the serpent talisman of Undesirable Species
                  | {+Blink Fly Str+8 Dex-4}
 23897 | Snake:3  | Noticed Aizul
 23926 | Snake:3  | Killed Aizul
 24153 | Snake:3  | Reached skill level 17 in Invocations
 24404 | Snake:3  | Noticed Donald
 24431 | Snake:3  | Killed Donald
 24654 | Snake:4  | Entered Level 4 of the Snake Pit
 25515 | Snake:4  | Reached XP level 18. HP: 87/98 MP: 28/31
 26221 | Snake:4  | Got a serpentine rune of Zot
 26521 | Elf:1    | Entered Level 1 of the Elven Halls
 26623 | Elf:1    | Paralysed by an air elemental for 1 turns
 26626 | Elf:1    | Paralysed by an air elemental for 1 turns
 26639 | Elf:1    | Reached skill level 18 in Invocations
 26752 | Elf:1    | Found a runed translucent gate.
 26753 | Elf:1    | Found a runed translucent gate.
 26754 | Elf:1    | Found a runed translucent gate.
 26755 | Elf:1    | Noticed a tentacled monstrosity
 26758 | Elf:1    | Noticed a tentacled monstrosity
 26758 | Elf:1    | Noticed a tentacled monstrosity
 26970 | Elf:1    | Noticed Kirke
 26997 | Elf:1    | Killed Kirke
 26998 | Elf:1    | Found a shimmering blue altar of Sif Muna.
 27027 | Elf:1    | Noticed Zenata
 27046 | Elf:1    | Killed Zenata
 27458 | Elf:1    | Noticed a tentacled monstrosity
 27988 | Elf:2    | Found a runed translucent gate.
 27989 | Elf:2    | Found a runed translucent gate.
 27989 | Elf:2    | Found a runed translucent gate.
 28411 | Elf:2    | Reached XP level 19. HP: 93/104 MP: 28/33
 28568 | Elf:3    | Entered Level 3 of the Elven Halls
 28570 | Elf:3    | Found Furhut's Armour Emporium.
 28602 | Elf:3    | Found Pialis's Mayhem Merchandise.
 29456 | Elf:3    | Reached skill level 19 in Invocations
 30274 | Elf:3    | Identified the ring of Plog {Fire rPois Str+4 Int-4 Slay+3}
 30534 | Elf:3    | Identified the +2 dagger of Beyond {drain, Int+3}
 30633 | Elf:3    | Got the Precepts of Sepulchral Angles
 30764 | Elf:3    | Noticed a Brimstone Fiend
 30937 | Elf:3    | Identified the +3 sling of Terra Nullius {flame, Int+3
                  | Dex+4}
 31127 | Elf:3    | Identified the +9 scimitar "Soubuowk" {venom, *Noise Fly
                  | Int+5 SInv}
 31372 | Elf:3    | Identified the +3 arbalest of Ohoghuoth {flame, rF- rN++}
 31837 | D:13     | Killed Liimbo's ghost
 31886 | D:13     | Identified the ring "Guareseh" {rCorr SInv}
 31991 | Vaults:1 | Entered Level 1 of the Vaults
 32154 | Vaults:1 | Reached XP level 20. HP: 97/109 MP: 32/34
 32609 | Vaults:1 | Identified the +1 ring mail of Elitism {rC- Will+ Int+2}
 33224 | Vaults:1 | Identified the +0 scale mail "Ihainiut" {^Drain +Blink +Inv
                  | rN+}
 33764 | Vaults:2 | Found Lemaorim's Globular Garage.
 34183 | Vaults:2 | Reached XP level 21. HP: 106/115 MP: 35/35
 34439 | Vaults:3 | Found a staircase to the Crypt.
 34473 | Vaults:3 | Reached skill level 20 in Invocations
 34842 | Vaults:3 | Reached skill level 15 in Shields
 35095 | Vaults:3 | Identified the +0 rapier of Ravage {freeze, Str+3}
 35515 | Vaults:4 | Reached skill level 15 in Fighting
 35672 | Vaults:4 | Got the Directory of Spectral Flames
 35921 | Vaults:4 | Found a runed translucent gate.
 35921 | Vaults:4 | Found a runed translucent gate.
 35921 | Vaults:4 | Found a runed translucent gate.
 35922 | Vaults:4 | Noticed crisisinutopia's ghost (adept MiFi)
 35922 | Vaults:4 | Noticed MackTheFife's ghost (veteran HOGl)
 35981 | Vaults:4 | Reached XP level 22. HP: 90/123 MP: 34/37
 36022 | Vaults:4 | Reached XP level 23. HP: 127/127 MP: 38/38
 36507 | Vaults:5 | Entered Level 5 of the Vaults
 36507 | Vaults:5 | Noticed a golden dragon
 37024 | Shoals:1 | Entered Level 1 of the Shoals
 37025 | Shoals:1 | You are sucked into a shaft and drop 1 floor!
 37035 | Shoals:2 | Noticed Nikola
 37042 | Shoals:2 | Killed Nikola
 37057 | Shoals:2 | Found a runed translucent gate.
 37057 | Shoals:2 | Found a runed translucent gate.
 37057 | Shoals:2 | Found a runed translucent gate.
 37665 | Shoals:1 | Found Porha's Distillery.
 37675 | Shoals:1 | Bought a potion of haste for 130 gold pieces
 37675 | Shoals:1 | Bought 2 potions of haste for 260 gold pieces
 37675 | Shoals:1 | Bought a potion of haste for 130 gold pieces
 37675 | Shoals:1 | Bought a potion of might for 52 gold pieces
 37675 | Shoals:1 | Bought a potion of might for 52 gold pieces
 38677 | Shoals:3 | Found Syucy's Distillery.
 38677 | Shoals:3 | Found Lepualiw's Weapon Emporium.
 38681 | Shoals:3 | Bought a potion of invisibility for 88 gold pieces
 38681 | Shoals:3 | Bought 2 potions of mutation for 176 gold pieces
 38704 | Shoals:3 | Found Hiyrreis's Assorted Antiques.
 38723 | Shoals:3 | Bought a shimmering plate armour for 1120 gold pieces
 38723 | Shoals:3 | Identified the +6 plate armour "Oteump" {rF+} (You bought
                  | it in a shop on level 3 of the Shoals)
 38834 | Shoals:3 | Found Fiadih's Assorted Antiques.
 38869 | Shoals:3 | Found Fupeg's CLEARANCE SALE!.
 38922 | Shoals:3 | Found Masofinu's Book Emporium.
 39378 | Shoals:4 | Entered Level 4 of the Shoals
 39660 | Shoals:4 | Got a barnacled rune of Zot
 39848 | Shoals:4 | Identified the +11 dagger of the Burning Moth {spect, rF-
                  | Str+5}
 39918 | Shoals:4 | Noticed Louise
 39934 | Shoals:4 | Killed Louise
 40217 | Shoals:4 | Identified the +1 quarterstaff of Jiubrem {drain, Int+4
                  | Dex+3}
 40757 | Elf:1    | Found a runed translucent gate.
 40757 | Elf:1    | Found a runed translucent gate.
 40765 | Elf:1    | Noticed Hihia's ghost (adept TrFi)
 40768 | Elf:1    | Found a runed translucent gate.
 41009 | Slime:1  | Entered Level 1 of the Pits of Slime
 41352 | Slime:2  | Reached XP level 24. HP: 118/135 MP: 38/38
 41479 | Slime:2  | Gained mutation: You occasionally lose the ability to drink
                  | potions when taking damage. [a shining eye]
 41487 | Slime:2  | Gained mutation: You are covered in fur. (AC +1) [a shining
                  | eye]
 41584 | Slime:1  | Gained mutation: You are vulnerable to cold. (rC-) [a
                  | shining eye]
 41741 | Slime:5  | Entered Level 5 of the Pits of Slime
 42000 | Slime:5  | Found a viscous altar of Jiyva.
 42000 | Slime:5  | Noticed the Royal Jelly
 42003 | Slime:5  | Killed the Royal Jelly
 42281 | Slime:5  | Got a slimy rune of Zot
 42322 | Slime:5  | Got the Cyclopedia of the Inflammable Mausoleum
 42326 | Slime:5  | Identified the staff of Darkness {rN+++ rCorr Str-3 Air
                  | Earth}
 42328 | Slime:5  | Identified the amulet "Keshramp" {Reflect Harm rN+ rCorr
                  | Str-5 SH+5}
 42756 | Crypt:1  | Entered Level 1 of the Crypt
 44161 | Crypt:3  | Entered Level 3 of the Crypt
 44549 | Crypt:3  | Reached XP level 25. HP: 111/123 MP: 37/38
 44585 | Crypt:3  | Reached skill level 21 in Invocations
 44865 | Crypt:3  | Noticed an ancient lich
 44879 | Crypt:3  | Killed an ancient lich
 44927 | Crypt:3  | Found an ancient bone altar of Kikubaaqudgha.
 44967 | Crypt:3  | Identified the amulet "Ibumehah" {Reflect rC+ Int+4 SH+5}
 44971 | Crypt:3  | Identified the +8 flail of the Dragonfly {freeze, rCorr
                  | Dex+2}
 45125 | Crypt:3  | Found a staircase to the Tomb.
 45426 | Crypt:3  | Got Voapny's Octavo of Exhumation
 45606 | D:15     | Entered Level 15 of the Dungeon
 45900 | D:15     | Found Votigeja's Serpentskin Sales.
 45923 | D:15     | Found Jeuh's Antique Weapon Emporium.
 45987 | D:15     | Found a staircase to the Depths.
 46255 | Depths:1 | Entered Level 1 of the Depths
 46424 | Depths:1 | Found a gateway to Hell.
 46501 | Depths:1 | Found a transporter.
 46501 | Depths:1 | Found a transporter.
 46506 | Depths:1 | Found a transporter.
 46528 | Depths:1 | Found a transporter.
 46702 | Depths:1 | Found a sparkling altar of Nemelex Xobeh.
 46838 | Depths:1 | Found a one-way gate leading to the halls of Pandemonium.
 47005 | Depths:2 | Reached skill level 22 in Invocations
 47162 | Depths:2 | Noticed Grunn
 47177 | Depths:2 | Killed Grunn
 47379 | Depths:2 | Acquired the +2 pair of gloves "Pirghih" {Will+ Str+4}
 47546 | Depths:2 | Reached XP level 26. HP: 148/149 MP: 39/39
 48373 | Depths:3 | Reached skill level 23 in Invocations
 48421 | Depths:3 | Noticed a juggernaut
 48437 | Depths:3 | Killed a juggernaut
 48439 | Depths:3 | Noticed a juggernaut
 48460 | Depths:3 | Killed a juggernaut
 48638 | Depths:3 | Identified the +6 sling of Past Mistakes {heavy, SInv}
 48689 | Depths:3 | Identified the +1 scale mail of Pathos {Fly rElec rF+
                  | Regen+}
 48757 | Depths:3 | Found a one-way gateway to a ziggurat.
 48759 | Depths:3 | Found a corrupted altar of Lugonu.
 49185 | Depths:3 | Found Yfe Ontush's General Store.
 49194 | Depths:3 | Bought 2 potions of might for 104 gold pieces
 49194 | Depths:3 | Bought a scroll of teleportation for 39 gold pieces
 49254 | Depths:3 | Found a one-way gate to the infinite horrors of the Abyss.
 49957 | Depths:3 | Identified the +11 quarterstaff of the Realm of Zot {drain,
                  | Will+}
 49982 | Depths:3 | Identified the +3 great mace "Doluad" {flame, ^Contam rElec
                  | rN+++ Stlth-}
 49989 | Depths:3 | Identified the +9 flail "Orb Guardian's Death" {protect,
                  | rElec rF- rN++ rCorr}
 50091 | Depths:4 | Entered Level 4 of the Depths
 50139 | Depths:4 | Reached skill level 24 in Invocations
 50178 | Depths:4 | Noticed a juggernaut
 50188 | Depths:4 | Killed a juggernaut
 50340 | Depths:4 | Identified the +0 robe of Uchoen Lawk {Harm rCorr}
 50340 | Depths:4 | Noticed a juggernaut
 50351 | Depths:4 | Killed a juggernaut
 50373 | Depths:4 | Reached XP level 27. HP: 156/156 MP: 40/40
 50405 | Depths:4 | Found a stormy altar of Qazlal.
 50644 | Depths:4 | Found a gate to the Realm of Zot.
 50927 | Depths:4 | Found the +3 salamander hide armour {Flames, rFlCloud rF++
                  | rC--}
 51281 | Vaults:5 | Identified the +0 quarterstaff of Taebrixe {antimagic,
                  | Int+4 Stlth+}
 51534 | Vaults:5 | Noticed an ancient lich
 51855 | Vaults:5 | Killed an ancient lich
 51935 | Vaults:5 | Reached skill level 15 in Dodging
 52076 | Vaults:5 | Reached skill level 15 in Armour
 52625 | Vaults:5 | Identified the +3 broad axe of Truth {flame, rPois rCorr}
 52769 | Vaults:5 | Got a silver rune of Zot
 53430 | Zot:1    | Entered Level 1 of the Realm of Zot
 53462 | Zot:1    | Found a runed translucent gate.
 53462 | Zot:1    | Found a runed translucent gate.
 53462 | Zot:1    | Found a runed translucent gate.
 53497 | Zot:1    | Noticed Pongem's ghost (legendary MiAK)
 54099 | Zot:2    | Found a transporter.
 54585 | Zot:2    | Found a transporter.
 54624 | Zot:2    | Identified the +1 leather armour of the Shoals {rF+}
 54816 | Zot:2    | Noticed an orb of fire
 54817 | Zot:2    | Gained mutation: You are weak. (Str -2) [an orb of fire]
 54835 | Zot:2    | Killed an orb of fire
 55012 | Zot:2    | Identified the +1 plate armour of Macaroni {rF+ Str+4
                  | Int+6}
 55459 | Zot:3    | Noticed an orb of fire
 55472 | Zot:3    | Killed an orb of fire
 55524 | Zot:3    | Identified the +2 rapier of the Foot {flame, rC+ Will-
                  | Str-4 Dex+5}
 55541 | Zot:3    | Identified the +5 chain mail of the Other Side {Str+4
                  | Dex+3}
 55564 | Zot:3    | Identified the +0 robe "Irimos" {rF+ Dex+2}
 56216 | Zot:4    | Reached skill level 25 in Invocations
 57216 | Zot:4    | Reached skill level 26 in Invocations
 57360 | Zot:4    | Identified the +0 arbalest of the Mind {elec, rPois rF++
                  | rN+}
 57452 | Zot:5    | Entered Level 5 of the Realm of Zot
 57507 | Zot:5    | Found a runed translucent gate.
 57508 | Zot:5    | Found a runed translucent gate.
 57508 | Zot:5    | Noticed FoolsGold's ghost (veteran MiBe)
 57509 | Zot:5    | Found a runed translucent gate.
 57754 | Zot:5    | Acquired the ring "Raom" {EV+5 SInv}
 58243 | Zot:5    | Noticed an ancient lich
 58282 | Zot:5    | Killed an ancient lich
 58362 | Zot:5    | Noticed an orb of fire
 58377 | Zot:5    | Killed an orb of fire
 58379 | Zot:5    | Reached skill level 27 in Invocations
 58379 | Zot:5    | Noticed an ancient lich
 58388 | Zot:5    | Noticed an ancient lich
 58414 | Zot:5    | Killed an ancient lich
 58424 | Zot:5    | Killed an ancient lich
 58682 | Zot:5    | Noticed an orb of fire
 58705 | Zot:5    | Noticed an orb of fire
 58713 | Zot:5    | Killed an orb of fire
 58714 | Zot:5    | Killed an orb of fire
 58775 | Zot:5    | Noticed an orb of fire
 58812 | Zot:5    | Killed an orb of fire
 58866 | Zot:5    | Noticed an ancient lich
 58888 | Zot:5    | Killed an ancient lich
 58921 | Zot:5    | Got the Orb of Zot
 58929 | Zot:5    | Noticed Utwem the pandemonium lord
 58965 | Zot:4    | Noticed Cinaod the pandemonium lord
 59556 | D:$      | Escaped with the Orb!

Illustrated notes

Levels and vault maps discovered:
D:1:      minmay_arrival_checkered_box, layout_basic, serial_shops, shop,
          dreamdust_wishing_well, hex_medium, minmay_surrounded
D:2:      wander_river, layout_basic, hellmonk_ecumenical_altar_blasted
D:3:      layout_basic, dk_noncrumbling_4, kennysheep_minor_cross,
          minmay_starry_boxes
D:4:      layout_loops_ring, mainiacjoe_sewer_entry_somewhere_in_here_2,
          st_stairs_11
D:5:      gammafunk_steamed_eel, layout_loops_corners, corexii_shack,
          minmay_gold_behind_fungi
D:6:      layout_basic, serial_shops, nicolae_shop_behind_doors
D:7:      layout_basic, nicolae_overflow_two_pavilions,
          minmay_temple_entry_slanted, uniq_maggie, uniq_crazy_yiuf_cottage,
          uniq_duvessa
D:8:      minmay_polygon_palace, layout_loops_corners, serial_shops,
          nicolae_shop_gaudy_bauble, uniq_pikel, uniq_erica, uniq_jeremiah
D:9:      layout_rooms, enter_bailey_1
D:10:     layout_roguey, mainiacjoe_overflow_alcove_4, serial_shops, shop
D:11:     layout_rooms, orc_0_dummy
D:12:     layout_rooms, drop_trap, cheibrodos_ashenzari_chains
D:13:     layout_small_grid, gammafunk_ghost_hive, fedhas_altar_3
D:14:     layout_stronghold, hellmonk_vaults_order_and_chaos,
          okawaru_metal_pillars_3, uniq_roxanne, uniq_frances, uniq_josephine
D:15:     hangedman_depths_entry_try_elsewhere_first, layout_cave_pools,
          roderic_lattice_a, serial_shops, nicolae_shop_tiny_real_fake_doors,
          guppyfry_shop_venom
Temple:   hellmonk_temple_of_storms
Lair:1:   layout_misc_corridors
Lair:2:   layout_roguey, dummy_snake_entry, lemuel_altar_in_water2
Lair:3:   layout_cave_pods, minmay_shoals_entry_hut, lemuel_fruit_fields,
          grunt_megastairs_1, serial_bayou_shore_b
Lair:4:   gammafunk_mikee_crab_dinner, layout_loops_ring, slime_entry_1,
          uniq_rupert
Lair:5:   hangedman_lair_tendril_chambers, layout_hall_layers,
          guppyfry_lair_end_dragon, worms_lemuel
Shoals:1: layout_shoals, serial_shops, shop
Shoals:2: layout_shoals, nicolae_shoals_beach_cooler, uniq_nikola
Shoals:3: layout_shoals, serial_shops, nicolae_shop_peninsula,
          nicolae_shop_hallway_plus, shop, nicolae_shop_tiny_waterfront, shop,
          nicolae_shop_clearance
Shoals:4: shoals_end_grunt_ice, layout_shoals, uniq_louise
Snake:1:  layout_grid_maze, nicolae_snake_gridmaze_spiral
Snake:2:  layout_cave_pods, uniq_vashnia
Snake:3:  nrook_guardian_serpent_snake_passage, layout_cave_town,
          grunt_megastairs_2, serial_bayou_shore_a, uniq_donald, uniq_aizul
Snake:4:  johnstein_snake_rune_scales, layout_cave_town, lemuel_fruit_tree
Slime:1:  layout_caves
Slime:2:  layout_caves
Slime:3:  layout_caves, basic_altar
Slime:4:  layout_caves
Slime:5:  slime_pit_nicolae_block_by_block
Orc:1:    layout_caves, chequers_guarded_unrand_ignorance
Orc:2:    st_orc_ogre_mass, layout_caves, portal_ice_cave_demonic_guard,
          nicolae_orc_beogh_chapel, uniq_saint_roka, uniq_jorgrun, uniq_erolcha
Elf:1:    layout_geoelf_octagon, basic_altar,
          ploomutoo_gammafunk_ghost_potion_laboratory, minivault_28,
          uniq_zenata, uniq_kirke
Elf:2:    nicolae_elf_blades_crystal_corner, layout_rooms
Elf:3:    nooodl_elf_gasket, layout_loops_corners, serial_shops,
          nicolae_shop_statue_plus, minivault_26, minmay_shop_mayhem,
          nicolae_elf_martial_mastery
Vaults:1: ontoclasm_vaults_claustrophobia, hangedman_vaults_river_flow,
          v_rooms_2, vaults_room_pool, nicolae_vaults_offset_grid_hallway_4,
          v_misc_26, hangedman_vaults_impose, hangedman_vaults_nails,
          vaults_room_fours, layout_vaults_quadrants
Vaults:2: v_rooms_3, hangedman_vaults_locks, vaults_mumra_minichess_inversion,
          tekkud_shop_of_orbs, nicolae_vaults_storage_closets_2, v_misc_13,
          nicolae_vaults_what_the_h, nicolae_vaults_variable_pillar_hall,
          dpeg_vaults_monster_box, nicolae_vaults_specimen_jars, v_misc_13,
          layout_vaults_big_cross
Vaults:3: minmay_crypt_entry_simple_corners, vaults_room_boxed, v_misc_10,
          nicolae_vaults_stepped_doors, nicolae_vaults_spaceships,
          vaults_room_corners, nicolae_vaults_stairing_the_circle,
          nicolae_vaults_mush_room, layout_vaults_maze
Vaults:4: gammafunk_ghost_cemetery, nicolae_vaults_frosty_reception,
          nicolae_vaults_ninety_degrees, v_misc_30, ontoclasm_vaults_ligature,
          vaults_standard_mumra_enter_the_diamond, ontoclasm_vaults_chip,
          nicolae_vaults_closet_pinwheel_4, dpeg_vaults_hating_casters,
          ontoclasm_vaults_gateway, vaults_dpeg_ring, layout_vaults_big_room
Vaults:5
Crypt:1:  layout_gridlike, st_stairs_4, grunt_megastairs_5
Crypt:2:  layout_rooms
Crypt:3:  cryptofortress_bobbens
Depths:1: layout_big_octagon, hellmouth_1, grunt_pan_entry_in_and_out,
          nemelex_diamond_rough_becter, nicolae_diode_quadrants
Depths:2: nicolae_legendary_halls, layout_honeycomb, grunt_pan_entry_spiral,
          hell_entry, uniq_grunn
Depths:3: angbandy_vault, layout_honeycomb, enter_ziggurat_f,
          abyss_entry_flame_altar, rand_demon_pan_entry_7, hell_entry,
          minmay_shop_grid_forest, infiniplex_staircase_squiggle
Depths:4: grunt_zot_entry_gee_three, layout_honeycomb, rand_demon_pan_entry_1,
          hell_entry, lemuel_crystal_altar, hellmonk_guarded_unrand_salamander,
          uniq_josephina
Zot:1:    layout_misc_corridors, ebering_ghost_rock_garden, drop_trap
Zot:2:    gammafunk_dig_for_victory, layout_twisted_circle
Zot:3:    layout_twisted_circle, regret_index_zotdec_banners
Zot:4:    layout_gridville, hangedman_zot_spectrum
Zot:5:    layout_onion, gammafunk_ghost_split

Skill      XL: |  1  2  3  4  5  6  7  8  9 10 11 12 13 14 15 16 17 18 19 20 21 22 23 24 25 26 27 |
---------------+----------------------------------------------------------------------------------+-----
Short Blades   | 2 3 4 5 6 8 10 12 14 | 14.0
Fighting       | 3 4 5 6 7 8 9 10 11 12 13 14 15 16 17 18 19 21 | 21.0
Armour         | 1 2 4 5 6 7 8 9 10 11 12 16 | 16.8
Dodging        | 2 3 4 5 6 7 8 9 10 11 12 16 | 16.8
Shields        | 1 3 4 5 6 8 9 10 11 12 14 16 17 19 20 21 22 | 22.9
Invocations    | 1 3 6 8 10 12 13 15 16 17 18 19 20 22 24 27 | 27.0
Stealth        | |  6.0

Action                     |  1- 3 |  4- 6 |  7- 9 | 10-12 | 13-15 | 16-18 | 19-21 | 22-24 | 25-27 || total
---------------------------+-------+-------+-------+-------+-------+-------+-------+-------+-------++-------
  Melee: Short sword       |    57 |   174 |   199 |       |       |       |       |       |       ||   430
         Bite              |    22 |    50 |    90 |   202 |   719 |   790 |  1111 |  1544 |  3096 ||  7624
         Punch             |     2 |       |       |       |       |       |       |       |       ||     2
         Dagger            |       |       |    60 |   519 |  1556 |  1877 |   955 |       |       ||  4967
         Quick blade       |       |       |       |       |       |       |  1206 |  2484 |  5099 ||  8789
  Throw: Dart              |       |       |       |       |     2 |       |       |       |       ||     2
         Throwing net      |       |       |       |       |     1 |       |       |       |       ||     1
 Invoke: Grand Finale      |       |       |       |       |     2 |     1 |       |     2 |       ||     5
         Line Pass         |       |       |       |       |     1 |     2 |       |     1 |     2 ||     6
         Stomp             |       |       |       |       |       |       |     1 |     1 |       ||     2
  Evoke: Wand              |       |     1 |     5 |       |       |       |       |     2 |     7 ||    15
         Lightning rod     |       |       |       |       |     2 |       |       |       |       ||     2
    Use: Scroll            |       |     1 |     4 |     7 |     9 |     5 |    12 |    11 |    14 ||    63
         Potion            |       |       |     1 |       |     1 |       |       |     1 |     2 ||     5
   Stab: Sleeping          |     1 |    24 |     6 |       |       |       |       |       |       ||    31
         Distracted        |       |       |     1 |     1 |       |       |       |       |     1 ||     3
         Paralysed         |       |       |     4 |    33 |    86 |   154 |   146 |   136 |   306 ||   865
         Held in net/web   |       |       |       |       |     1 |       |       |       |     1 ||     2
         Confused          |       |       |       |       |     1 |       |       |     2 |       ||     3
         Petrifying        |       |       |       |       |       |       |       |       |     1 ||     1
         Petrified         |       |       |       |       |       |       |       |       |     1 ||     1
 Armour: Leather armour    |    27 |    33 |       |       |       |       |       |       |       ||    60
         Robe              |       |    16 |    89 |    51 |       |       |       |       |       ||   156
         Fire dragon scale |       |       |       |   119 |   566 |   542 |   422 |    53 |       ||  1702
         Ice dragon scales |       |       |       |       |    75 |       |       |       |       ||    75
         Plate armour      |       |       |       |       |       |       |       |   282 |   194 ||   476
         Gold dragon scale |       |       |       |       |       |       |       |       |   749 ||   749
  Dodge: Dodged            |    25 |    53 |    61 |   172 |   403 |   353 |   237 |   151 |   322 ||  1777
  Block: Kite shield       |       |    41 |       |       |   554 |   204 |       |       |       ||   799
         Buckler           |       |    11 |    56 |   158 |    22 |       |       |       |       ||   247
         Tower shield      |       |       |       |       |       |  1475 |  1643 |  1222 |  2467 ||  6807
         Reflection        |       |       |       |       |       |       |       |     3 |    72 ||    75
